Map: Beckett Industries LE

Players

Vanya - Winner!

  • Race: Zerg Zerg

Reynor

  • Race: Zerg Zerg

Event: DreamHack SC2 Masters 2021 Fall

VOD

Have the link to the VOD?

Description

Time

  • Played on: Aug. 10, 2021, 9:54 a.m.
  • Length: 8:11

All games in this series

Show
View Real Time Build Order
Export as new Build Order

Vanya Zerg - Winner!

Build Orders: Pool First 

Get SALT Encoding   

  12  0:00  Drone  
  13  0:12  Overlord  
  13  0:16  Drone  
  14  0:30  Drone x2  
  14  0:34  Drone  
  17  0:44  Spawning Pool  
  17  0:48  Drone  
  17  1:08  Hatchery  
  17  1:11  Drone  
  17  1:12  Extractor  
  17  1:15  Drone  
  17  1:31  Zergling x4, Queen  
  21  1:42  Zergling x2  
  22  1:50  Overlord  
  21  2:11  Zergling x2  
  21  2:12  Drone  
  23  2:16  Queen  
  23  2:21  Drone  
  26  2:23  Drone  
  27  2:34  Queen  
  29  2:39  Drone  
  29  2:43  Drone x2  
  29  2:48  Drone  
  29  2:49  Drone  
  31  2:56  Overlord  
  32  2:58  Drone  
  32  3:01  Drone  
  32  3:04  Drone  
  34  3:06  Drone  
  35  3:18  Lair, Drone  
  36  3:20  Drone  
  36  3:25  Drone x3  
  40  3:30  Drone  
  40  3:31  Evolution Chamber  
  40  3:32  Drone  
  41  3:34  Drone  
  41  3:41  Roach Warren  
  41  3:42  Drone  
  41  3:46  Drone  
  41  3:47  Extractor  
  42  3:58  Drone  
  42  3:59  Hatchery  
  42  4:02  Zerg Missile Weapons Level 1  
  42  4:07  Overlord  
  42  4:08  Extractor  
  42  4:09  Drone  
  42  4:13  Drone x2  
  44  4:19  Overseer  
  44  4:23  Overlord  
  44  4:24  Glial Reconstitution  
  44  4:26  Drone x2  
  44  4:29  Drone  
  47  4:34  Overlord  
  47  4:35  Roach  
  49  4:40  Drone x3  
  49  4:43  Roach  
  49  4:45  Roach  
  56  4:48  Overlord  
  56  4:52  Roach  
  58  4:55  Roach  
  58  4:57  Roach  
  62  5:01  Roach x2  
  66  5:08  Roach x3  
  66  5:13  Roach  
  66  5:14  Roach  
  76  5:20  Overlord  
  76  5:22  Overlord x2  
  76  5:39  Drone x6  
  76  5:41  Overlord  
  76  5:42  Extractor  
  81  5:43  Drone  
  81  5:44  Drone x4  
  81  5:46  Drone  
  81  5:48  Overlord  
  87  5:55  Roach x3  
  93  6:01  Roach  
  93  6:03  Roach  
  97  6:06  Overlord  
  97  6:09  Roach x2  
  101  6:13  Roach x2  
  101  6:17  Roach x2  
  109  6:23  Overlord  
  111  6:25  Roach  
  111  6:26  Roach x3  
  111  6:27  Ravager  
  111  6:28  Ravager  
  111  6:31  Roach  
  111  6:32  Overlord  
  121  6:34  Ravager  
  122  6:42  Roach x3  
  122  6:43  Overlord  
  122  6:44  Roach  
  130  6:50  Overlord  
  130  6:52  Roach x4  
  138  6:56  Overlord  
  138  7:03  Roach x4  
  138  7:05  Extractor  
  145  7:13  Ravager, Roach x2  
  150  7:16  Overlord x2  
  150  7:17  Roach  
  150  7:18  Roach  
  150  7:21  Roach  
  156  7:23  Roach  
  156  7:24  Roach  
  156  7:26  Overlord  
  156  7:28  Roach  
  162  7:35  Roach, Overlord  
  162  7:36  Roach x2  
  168  7:39  Roach x2  
  172  7:45  Roach x2  
  172  7:49  Roach x3  
Show
View Real Time Build Order
Export as new Build Order

Reynor Zerg 

Build Orders: Pool First 

Get SALT Encoding   

  12  0:17  Spawning Pool  
  11  0:22  Drone  
  11  0:27  Drone  
  13  0:31  Drone  
  14  0:41  Overlord  
  14  1:03  Zergling x4  
  16  1:05  Zergling x2  
  17  1:16  Zergling x2  
  18  1:21  Hatchery  
  17  1:26  Zergling x2  
  18  1:34  Queen  
  18  1:39  Zergling x2  
  21  1:47  Overlord  
  21  1:59  Drone  
  21  2:09  Drone  
  21  2:13  Queen  
  24  2:20  Drone  
  25  2:32  Drone  
  25  2:33  Drone  
  26  2:42  Drone  
  24  2:44  Drone  
  24  2:45  Drone x2, Overlord  
  24  2:50  Queen  
  28  2:55  Drone x2  
  30  3:05  Queen  
  32  3:08  Drone  
  32  3:09  Drone  
  34  3:19  Drone x2, Evolution Chamber  
  35  3:24  Drone x2  
  35  3:25  Extractor  
  35  3:26  Extractor  
  35  3:27  Drone  
  35  3:29  Drone  
  35  3:32  Drone  
  39  3:34  Drone  
  39  3:40  Roach Warren  
  38  3:43  Drone  
  38  3:45  Drone  
  38  3:48  Drone  
  41  3:49  Drone  
  41  3:54  Evolution Chamber  
  41  3:57  Overlord  
  41  3:59  Drone  
  41  4:01  Drone  
  43  4:08  Lair  
  43  4:12  Overlord  
  43  4:16  Drone  
  44  4:19  Overlord  
  44  4:24  Extractor, Drone  
  44  4:27  Zerg Missile Weapons Level 1  
  44  4:30  Drone  
  44  4:31  Drone x2  
  47  4:32  Zergling x2  
  47  4:34  Drone  
  47  4:36  Drone  
  47  4:38  Drone  
  51  4:40  Drone  
  51  4:42  Drone  
  53  4:54  Hatchery  
  53  4:56  Drone x2  
  53  4:59  Extractor  
  53  5:00  Overlord  
  53  5:07  Overseer  
  53  5:09  Glial Reconstitution  
  53  5:13  Roach  
  53  5:14  Roach x2  
  59  5:20  Roach x3  
  64  5:29  Overlord  
  64  5:30  Overlord  
  64  5:31  Roach  
  64  5:32  Roach  
  68  5:44  Overlord  
  68  5:48  Roach x5  
  78  5:51  Roach  
  80  6:00  Overlord  
  80  6:01  Drone x3  
  83  6:05  Roach  
  83  6:06  Roach  
  83  6:08  Roach  
  83  6:10  Roach  
  91  6:13  Drone x2  
  93  6:26  Roach  
  93  6:27  Roach  
  93  6:30  Overlord  
  93  6:32  Drone  
  98  6:37  Overlord  
  98  6:49  Drone x5, Overlord  
  98  6:51  Ravager, Roach  
  98  6:54  Overseer  
  106  6:56  Roach x3  
  106  6:59  Roach  
  114  7:02  Overlord  
  114  7:06  Overlord  
  114  7:08  Roach  
  116  7:09  Roach  
  116  7:10  Ravager, Roach  
  116  7:15  Overlord  
  121  7:23  Drone x3  
  121  7:24  Drone x6  
  130  7:30  Roach x3  
  138  7:37  Roach x4  
  138  7:40  Overlord  
  138  7:43  Overlord  
  144  7:45  Overlord  

Tags
 
Add a new tag
Caveats
  • Supply blocks, unpowered buildings, or Contaminate may cause inaccurate times.
  • Supply counts are checked every 10 seconds.